 Dungeon Crawl Stone Soup version 0.21.1-1-g345015f (webtiles) character file.

14 Iko the Sneak (level 2, 0/14 HPs)
             Began as a Spriggan Assassin on June 9, 2018.
             Slain by a hobgoblin (1 damage)
             ... on level 1 of the Dungeon.
             The game lasted 00:02:52 (309 turns).

Iko the Sneak (Spriggan Assassin)                    Turns: 309, Time: 00:02:53

Health: 0/14       AC: 11    Str:  7    XL:     2   Next: 27%
Magic:  3/3        EV: 11    Int: 12    God:
Gold:   18         SH:  0    Dex: 17    Spells: 1/1 levels left

rFire    + + .     SeeInvis +   a - +0 short sword
rCold    x . .     Gourm    .   (shield restricted)
rNeg     . . .     Faith    .   h - +2 fire dragon scales
rPois    .         Spirit   .   (helmet restricted)
rElec    .         Reflect  .   d - +0 cloak
rCorr    .         Harm     .   (gloves unavailable)
MR       .....                  (boots unavailable)
Stlth    ++........             (no amulet)
HPRegen  0.04/turn              (no ring)
MPRegen  0.08/turn              (no ring)

@: very quick
A: very small, unfitting armour, see invisible, herbivore, speed 3, slow
metabolism 2
a: no special abilities


You were on level 1 of the Dungeon.
You were not hungry.

You visited 1 branch of the dungeon, and saw 1 of its levels.

You collected 18 gold pieces.

Inventory:

Hand Weapons
 a - a +0 short sword (weapon)
 b - a +0 blowgun
Missiles
 e - a poisoned needle
Armour
 d - a +0 cloak (worn)
 h - +2 fire dragon scales (worn)
Potions
 i - a potion of brilliance {unknown}
Comestibles
 g - a ration


   Skills:
 + Level 1.5 Fighting
 + Level 2.1 Short Blades
   Level 0.2 Maces & Flails
 + Level 2.1 Throwing
 + Level 1.5 Dodging
 + Level 6.6 Stealth


You had one spell level left.
You didn't know any spells.

Dungeon Overview and Level Annotations

Branches:
Dungeon (1/15)

Altars:


Innate Abilities, Weirdness & Mutations

You are very small and have problems with some larger weapons.
You are too small for most types of armour.
You have supernaturally acute eyesight. (SInv)
You are a herbivore.
You cover ground extremely quickly.
You need consume almost no food.


Message History

The hobgoblin hits you but does no damage.
You closely miss the hobgoblin.
The hobgoblin hits you but does no damage.
Your fire dragon scales prevents you from hitting the hobgoblin.
The kobold barely misses you. The hobgoblin hits you.
Your fire dragon scales prevents you from hitting the hobgoblin.
The kobold hits you but does no damage. The hobgoblin hits you.
You hit the hobgoblin but do no damage. The kobold closely misses you.
The hobgoblin completely misses you.
Your fire dragon scales prevents you from hitting the hobgoblin.
The kobold closely misses you. The hobgoblin hits you.
* * * LOW HITPOINT WARNING * * *
You closely miss the hobgoblin. The kobold hits you but does no damage.
The hobgoblin hits you but does no damage.
You hit the hobgoblin but do no damage. The kobold hits you with a whip.
* * * LOW HITPOINT WARNING * * *
The hobgoblin hits you but does no damage.
Your fire dragon scales prevents you from hitting the hobgoblin.
The kobold hits you but does no damage. The hobgoblin hits you.
You die...

#..#... ... .#. ........
.. ....
.........###.##....
....... .#.........
.#...... ..........
.....#.###.........
.#....(.g...........#
... #K@..=......!(. #
...###.....(...#.... ...
............(.....##
##..####..####.#.#......
....................(...
...........##..#.......
...#####...............
##......#.#.#####
#.............#


You could see a hobgoblin and a kobold.

Vanquished Creatures
  A dart slug (D:1)
  A leopard gecko (D:1)
  3 bats (D:1)
  2 jackals (D:1)
  A frilled lizard (D:1)
  2 kobolds (D:1)
  A rat (D:1)
11 creatures vanquished.

Notes
Turn   | Place    | Note
-------+----------+-------------------------------------------
     0 | D:1      | Iko the Spriggan Assassin began the quest for the Orb.
     0 | D:1      | Reached XP level 1. HP: 10/10 MP: 2/2
    49 | D:1      | Reached skill level 6 in Stealth
   140 | D:1      | Reached XP level 2. HP: 8/14 MP: 3/3
   309 | D:1      | Slain by a hobgoblin

Skill      XL: |  1 |
---------------+----+-----
Stealth        | 6 |  6.6
Fighting       | |  1.5
Short Blades   | |  2.1
Maces & Flails | |  0.2
Throwing       | |  2.1
Dodging        | |  1.5

Action                   || total
-------------------------++-------
Melee: Club              ||    21
       Short sword       ||    12
 Fire: Blowgun           ||    31
  Use: Scroll            ||     2
Armor: Fire dragon scale ||    30
Dodge: Dodged            ||    39
